 Dungeon Crawl Stone Soup version 0.26-a0-651-gb41185065b (webtiles) character file.

Game seed: 9454009231399346186

110 toffzen the Sneak (level 4, -5/27 HPs)
             Began as a Vampire Brigand on Oct 7, 2020.
             Killed by divine providence
             ... invoked by an orc priest
              (10 damage)
             ... on level 3 of the Dungeon.
             The game lasted 00:09:26 (3482 turns).

toffzen the Sneak (Vampire Brigand)                 Turns: 3482, Time: 00:09:26

Health: -5/27      AC:  2    Str: 10    XL:     4   Next: 61%
Magic:  4/4        EV: 13    Int: 14    God:
Gold:   178        SH:  0    Dex: 15    Spells: 3/3 levels left

rFire    + . .     SeeInvis +   a - +2 dagger
rCold    + + +     Faith    .   (no shield)
rNeg     + + +     Spirit   .   b - +0 robe
rPois    ∞         Reflect  .   (no helmet)
rElec    .         Harm     .   h - scarf {rC+ rF+}
rCorr    .         Rampage  .   (no gloves)
MR       .....                  (no boots)
Stlth    ++++++....             (no amulet)
HPRegen  0.00/turn              (no ring)
MPRegen  0.09/turn              (no ring)

@: bloodless
A: fangs 3, see invisible, unbreathing
a: Bat Form, Revivify


You were on level 3 of the Dungeon.
You visited 1 branch of the dungeon, and saw 3 of its levels.

You collected 178 gold pieces.

Inventory:

Hand Weapons
 a - a +2 dagger (weapon)
 n - a +0 hunting sling of flaming
Missiles
 d - 34 poisoned darts (quivered)
 e - 2 curare-tipped darts
 k - 27 stones
 p - 20 sling bullets
Armour
 b - a +0 robe (worn)
 c - a +0 cloak
 h - a scarf of resistance (worn)
Scrolls
 j - a scroll of remove curse {unknown}
 m - a scroll of magic mapping {unknown}
 o - a scroll of immolation {unknown}
 r - a scroll of teleportation {unknown}
 t - a scroll of identify {unknown}
 u - a scroll of fear {unknown}
Potions
 f - a potion of haste {unknown}
 g - a potion of magic {unknown}
 i - 2 potions of resistance {unknown}
 l - a potion of stabbing {unknown}
 q - a potion of heal wounds {unknown}
 s - a potion of might {unknown}


   Skills:
 + Level 2.5 Fighting
 + Level 3.0 Short Blades
 - Level 1.5 Throwing
 + Level 2.2 Dodging
 * Level 7.4 Stealth


You had 3 spell levels left.
You didn't know any spells.
Your spell library was empty.

Dungeon Overview and Level Annotations

Branches:
Dungeon (3/15)

Altars:
Nemelex Xobeh
Okawaru


Innate Abilities, Weirdness & Mutations

You do not regenerate when monsters are visible.
You are frail without blood (-20% HP).
You can heal yourself when you bite living creatures.
You are immune to poison.
You have razor-sharp teeth.
You have supernaturally acute eyesight. (SInv)
You can survive without breathing.


Message History

The orc priest looks even sicker.
The orc priest is lightly wounded.
Throwing (i - inventory. (/) - cycle)
d - 35 poisoned darts (quivered)
Press: ? - help, Shift-Dir - straight line, f/p - orc priest
Aim: an orc priest, wielding a +0 flail and wearing a +0 leather armour (lightly wounded, very poisoned)
You throw a poisoned dart. The poisoned dart hits the orc priest.
The orc priest looks even sicker.
The orc priest is lightly wounded.
The orc priest invokes the aid of Beogh against you.
Beogh smites you!
Ouch! That really hurt!
You hit the orc priest but do no damage.
The orc priest is heavily wounded.
The orc priest hits you with a +0 flail!
* * * LOW HITPOINT WARNING * * *
Okay, then.
Okay, then.
The orc priest mumbles some strange prayers to Beogh against you.
Beogh smites you!
You die...

........# #..# #.# #.#
........###..# #.# #.#
#............# #<# #.#
.........###.# #[# #.# .
.........# #.###.## #.# ...
.........###.##.#.###.#..(....
#.##.....(((..o###.........[.
#.##)##..###.##.#.###.#.....o
.........)<..##.@## #.#......
## #.###.#..#####........#
##... . #.###.#..#
#.....###### #.## #
.........###.###.# #.# #
#)...........# #.# #.# ####
#####.#.####.###.# ##.###...
#.#.# #.....# ##...##.##
#####.#.#######.## ##.###.#.##
......#.....# #.#######.##
##...#


You could see an orc priest (poisoned).

Vanquished Creatures
  4 adders
  An ooze (D:3)
  2 worms
  2 dart slugs (D:2)
  3 orcs
  2 giant cockroaches (D:3)
  10 goblins
  7 hobgoblins
  5 jackals
  8 kobolds
  2 quokkas
  2 bats (D:2)
  7 frilled lizards
  2 rats
57 creatures vanquished.

Notes
Turn   | Place    | Note
-------+----------+-------------------------------------------
     0 | D:1      | toffzen the Vampire Brigand began the quest for the Orb.
     0 | D:1      | Reached XP level 1. HP: 16/16 MP: 1/1
   202 | D:1      | Reached skill level 6 in Stealth
   537 | D:1      | Reached XP level 2. HP: 17/17 MP: 2/2
  1263 | D:2      | Found an iron altar of Okawaru.
  1530 | D:2      | Found a sparkling altar of Nemelex Xobeh.
  1597 | D:2      | Reached XP level 3. HP: 21/21 MP: 3/3
  2347 | D:3      | Reached skill level 7 in Stealth
  2347 | D:3      | Reached XP level 4. HP: 27/27 MP: 4/4
  3482 | D:3      | Killed from afar by an orc priest

Illustrated notes

Levels and vault maps discovered:
D:1:      onia_arrival_pentagram, layout_basic
D:2:      cheibrodos_greedy_goblins, layout_basic, lemuel_crystal_altar,
          nemelex_lonely_heart_becter
D:3:      layout_loops_ring

Skill      XL: |  1  2  3  4 |
---------------+-------------+-----
Stealth        | 6 7 |  7.4
Fighting       | 2 |  2.5
Dodging        | 2 |  2.2
Short Blades   | 3 |  3.0
Throwing       | |  1.5

Action                   |  1- 3 |  4- 6 || total
-------------------------+-------+-------++-------
Melee: Dagger            |   109 |    50 ||   159
       Bite              |    12 |     7 ||    19
Throw: Dart              |    11 |    24 ||    35
 Abil: Exsanguinate      |     1 |       ||     1
  Use: Scroll            |     1 |       ||     1
 Stab: Sleeping          |    13 |     2 ||    15
Armor: Robe              |    22 |     3 ||    25
Dodge: Dodged            |    58 |    21 ||    79

Table legend: (Time is in decaauts)
 A = Elapsed time spent in this place.
 B = Non-inter-level travel time spent in this place.
 C = Inter-level travel time spent in this place.
 D = Time resting spent in this place.
 E = Time spent auto-exploring this place.
 F = Levels seen in this place.
 G = Mean time per level.
                   A        B        C        D        E       F      G
               +--------+--------+--------+--------+--------+-----+--------+
         Total |   3462 |   3388 |     74 |   1141 |    941 |   3 | 1154.0 |
       Dungeon |   3462 |   3388 |     74 |   1141 |    941 |   3 | 1154.0 |
               +--------+--------+--------+--------+--------+-----+--------+

Top non-repeatable levels by time:
     D:1: 1428 daAuts
     D:2: 1196 daAuts
     D:3: 837 daAuts
